[Event "Titled Tuesday Blitz June 6 Late 2023"]
[White "Gadimbayli, Abdulla"]
[Black "Bilan, Danila"]
[WhiteFideId "13404938"]
[BlackFideId "24161918"]
[WhiteElo "2386"]
[BlackElo "2146"]
[Result "1-0"]
[Round "2"]
[TimeControl "180+2"]
[Date "2023.06.07"]
[WhiteClock "0:00:30"]
[BlackClock "0:00:02"]
[Board "46"]

1. Nf3 d5 2. b3 Nf6 3. Bb2 c5 4. e3 a6 5. d3 Nc6 6. Nbd2 Bg4 7. h3 Bh5 8. g4 Bg6 9. Ne5 Nxe5 10. Bxe5 e6 11. Bg2 Bd6 12. Bb2 Qc7 13. f4 h6 14. Qf3 O-O-O 15. O-O-O Rhe8 16. Rhf1 e5 17. f5 Bh7 18. Qe2 d4 19. Kb1 Bg8 20. Nc4 Bf8 21. Qf3 Nd5 22. exd4 cxd4 23. Qxd5 Rxd5 24. Bxd5 Bb4 25. f6 gxf6 26. Rxf6 Be7 27. Rxh6 Bg5 28. Nd6+ Kb8 29. Nxe8 Qd8 30. Rh8 Qxe8 31. Rf1 Kc7 32. Bxf7 Qxf7 33. Rxf7+ Bxf7 34. Rh7 1-0


[Site "https://www.chess.com"]

[Event "Titled Tuesday Blitz June 6 Late 2023"]
[White "Novikov, Evgenij"]
[Black "Shapiro, David"]
[WhiteFideId "4125380"]
[BlackFideId "24133523"]
[WhiteElo "2242"]
[BlackElo "2308"]
[Result "1/2-1/2"]
[Round "2"]
[TimeControl "180+2"]
[Date "2023.06.07"]
[WhiteClock "0:00:05"]
[BlackClock "0:00:04"]
[Board "47"]

1. d4 d5 2. c4 e6 3. Nc3 c6 4. cxd5 exd5 5. Bf4 Bd6 6. Bg3 Nf6 7. e3 Bf5 8. Bd3 Bxd3 9. Qxd3 O-O 10. Nf3 Re8 11. O-O Bxg3 12. hxg3 Nbd7 13. Qc2 Ne4 14. Nxe4 dxe4 15. Nd2 Nf6 16. Nc4 Ng4 17. f3 exf3 18. Rxf3 Qd5 19. Rf5 Nxe3 20. Nxe3 Qxd4 21. Qf2 Qxe3 22. Rxf7 Qxf2+ 23. Rxf2 Rad8 24. Rc1 Re3 25. Kh2 Rdd3 26. Rcf1 h6 27. Rf7 Rxg3 28. Rxb7 Rg5 29. Rf2 a5 30. Rc7 Rh5+ 31. Kg1 Rd1+ 32. Rf1 Rh1+ 33. Kxh1 Rxf1+ 34. Kh2 Rf2 35. b3 Rc2 36. a3 Ra2 37. b4 a4 38. Rxc6 Rxa3 39. Ra6 Kf7 40. b5 Rb3 41. Rxa4 Rxb5 42. Rf4+ Kg6 43. Rc4 Kh5 44. Rd4 Rb3 45. Rd5+ g5 46. Rd4 Ra3 47. Rd6 Rb3 48. Rc6 Rb4 49. Rd6 Rh4+ 50. Kg3 Rg4+ 51. Kh3 Rh4+ 52. Kg3 Ra4 53. Kh2 Ra5 54. Kh3 g4+ 55. Kg3 Kg5 56. Rd8 Ra3+ 57. Kh2 Kh4 58. Rd4 h5 59. Rc4 Re3 60. Rb4 Kg5 61. Rb5+ Kh4 62. Rb4 Re5 63. Ra4 Kg5 64. Ra8 h4 65. Rg8+ Kf4 66. Rf8+ Rf5 67. Rh8 Kg5 68. Rg8+ Kh5 69. Rh8+ Kg5 70. Rg8+ Kf4 71. Rh8 h3 72. Rg8 g3+ 73. Rxg3 hxg2 74. Kxg2 Rg5 75. Rxg5 Kxg5 1/2-1/2


[Site "https://www.chess.com"]

[Event "Titled Tuesday Blitz June 6 Late 2023"]
[White "Mieles Palau, Daniel"]
[Black "Klukin, Kirill"]
[WhiteFideId "3600467"]
[BlackFideId "24199273"]
[WhiteElo "2344"]
[BlackElo "2344"]
[Result "0-1"]
[Round "2"]
[TimeControl "180+2"]
[Date "2023.06.07"]
[WhiteClock "0:00:02"]
[BlackClock "0:00:29"]
[Board "48"]

1. c4 Nf6 2. g3 e6 3. Bg2 d5 4. Nf3 Be7 5. O-O O-O 6. b3 c6 7. Bb2 b6 8. d4 Bb7 9. Nc3 a5 10. a3 Na6 11. Ne5 c5 12. e3 Rc8 13. Nb5 a4 14. Rc1 axb3 15. Qxb3 cxd4 16. Bxd4 dxc4 17. Nxc4 Bxg2 18. Kxg2 Qd5+ 19. Kg1 Nc5 20. Bxc5 Bxc5 21. Rfd1 Qh5 22. Ncd6 Ra8 23. a4 Qh3 24. f3 h5 25. Rd3 h4 26. Qc2 hxg3 27. hxg3 Nd5 0-1


[Site "https://www.chess.com"]

[Event "Titled Tuesday Blitz June 6 Late 2023"]
[White "Pakleza, Zbigniew"]
[Black "Khandelwal, Ankush"]
[WhiteFideId "1119290"]
[BlackFideId "413470"]
[WhiteElo "2410"]
[BlackElo "2263"]
[Result "1-0"]
[Round "2"]
[TimeControl "180+2"]
[Date "2023.06.07"]
[WhiteClock "0:00:08"]
[BlackClock "0:00:03"]
[Board "49"]

1. d4 Nf6 2. Nf3 e6 3. Bf4 b6 4. e3 Bb7 5. h3 c5 6. c3 Be7 7. Bd3 cxd4 8. cxd4 O-O 9. Nc3 Nc6 10. a3 a6 11. O-O b5 12. e4 b4 13. axb4 Nxb4 14. Bb1 a5 15. Re1 h6 16. e5 Nfd5 17. Nxd5 Bxd5 18. Nd2 d6 19. Ne4 dxe5 20. Bxe5 f6 21. Bf4 g5 22. Qh5 Rf7 23. Bg3 Qf8 24. Nc3 Bc4 25. Be4 Rd8 26. Rxa5 Rxd4 27. Bg6 Rg7 28. Ra7 Bc5 29. Rxg7+ Kxg7 30. Ne4 Bb6 31. Be8 Kh8 32. Nxf6 Qxf6 33. Be5 Qxe5 34. Rxe5 Rd1+ 35. Kh2 Bc7 36. Qxh6+ Kg8 37. Qg6+ Kf8 38. Qf7# 1-0


[Site "https://www.chess.com"]

[Event "Titled Tuesday Blitz June 6 Late 2023"]
[White "Vovk, Orest"]
[Black "Oro, Faustino"]
[WhiteFideId "14113490"]
[BlackFideId "20000197"]
[WhiteElo "2215"]
[BlackElo "1984"]
[Result "0-1"]
[Round "2"]
[TimeControl "180+2"]
[Date "2023.06.07"]
[WhiteClock "0:00:02"]
[BlackClock "0:00:06"]
[Board "50"]

1. d4 Nf6 2. g4 Nxg4 3. e4 d6 4. h3 Nf6 5. Nc3 e5 6. dxe5 dxe5 7. Qxd8+ Kxd8 8. Nf3 Bd6 9. Rg1 Ne8 10. Ng5 Ke7 11. Bc4 Be6 12. Nxe6 fxe6 13. Bg5+ Kd7 14. O-O-O Nc6 15. Nb5 a6 16. Nxd6 Nxd6 17. Be3 g6 18. f3 Rhf8 19. Be2 Rf7 20. h4 Raf8 21. c4 Kc8 22. c5 Nb5 23. Bc4 Re8 24. Rgf1 Nbd4 25. f4 Kb8 26. fxe5 Rxf1 27. Bxf1 Nf3 28. h5 Nfxe5 29. hxg6 hxg6 30. Bh3 Nc4 31. Bg5 e5 32. Bd7 Rh8 33. Bxc6 bxc6 34. Rd7 Rh1+ 35. Kc2 Rh2+ 36. Kc3 Nxb2 37. Rf7 Na4+ 38. Kb4 Nb2 39. Ka5 Kb7 0-1


[Site "https://www.chess.com"]

[Event "Titled Tuesday Blitz June 6 Late 2023"]
[White "Sokolovsky, Yahli"]
[Black "Gheorghiu, Calin"]
[WhiteFideId "2820242"]
[BlackFideId "1200305"]
[WhiteElo "2389"]
[BlackElo "2204"]
[Result "1-0"]
[Round "2"]
[TimeControl "180+2"]
[Date "2023.06.07"]
[WhiteClock "0:00:19"]
[BlackClock "0:00:04"]
[Board "51"]

1. b3 e5 2. Bb2 Nc6 3. e3 Nf6 4. Nf3 e4 5. Nd4 Nxd4 6. Bxd4 d5 7. c4 c5 8. Bxf6 Qxf6 9. Nc3 dxc4 10. Bxc4 Qg6 11. Qc2 Be7 12. Bb5+ Kf8 13. Qxe4 Qxe4 14. Nxe4 Bf5 15. Bd3 Rd8 16. Ke2 h5 17. Nxc5 Bg4+ 18. f3 Bxc5 19. fxg4 hxg4 20. Bf5 Bd6 21. g3 Be5 22. Rac1 g6 23. Bxg4 f5 24. Bf3 b6 25. h3 Bxg3 26. Rcg1 f4 27. Bg4 Kg7 28. e4 Rd4 29. d3 Rhd8 30. Rd1 a5 31. Rd2 a4 32. Rc1 axb3 33. axb3 f3+ 34. Ke3 f2 35. Be2 g5 36. Rdc2 Bf4+ 37. Kxf2 Bxc1 38. Rxc1 R8d7 39. Ke3 Kf6 40. Rf1+ Kg6 41. Rf5 R4d6 42. Rb5 Rc7 43. Kd2 Rc5 44. Rb4 Rdc6 45. Rd4 Rb5 46. b4 Re5 47. Bg4 Re7 48. Bd7 Rc7 49. Rd6+ Kg7 50. Bf5 Ra7 51. Rxb6 Ra2+ 52. Ke3 Rb2 53. b5 Re5 54. Rg6+ Kf7 55. Rxg5 Rexb5 56. h4 Kf6 57. Rg6+ Kf7 58. h5 Rh2 59. h6 Rb1 60. Ra6 Rbh1 61. h7 Ke7 62. Kf4 Rd1 63. Ra8 Rxd3 64. h8=Q Rxh8 65. Rxh8 Ra3 66. Rh7+ Kd6 67. e5+ Kc5 68. Rd7 Ra4+ 69. Kg5 Ra5 70. Kf6 Ra6+ 71. e6 1-0


[Site "https://www.chess.com"]

[Event "Titled Tuesday Blitz June 6 Late 2023"]
[White "Prohaszka, Peter"]
[Black "Perske, Thore"]
[WhiteFideId "726265"]
[BlackFideId "12902195"]
[WhiteElo "2626"]
[BlackElo "2336"]
[Result "1-0"]
[Round "2"]
[TimeControl "180+2"]
[Date "2023.06.07"]
[WhiteClock "0:00:06"]
[BlackClock "0:00:04"]
[Board "52"]

1. d4 d5 2. Nf3 Nf6 3. c3 c5 4. dxc5 a5 5. e3 e6 6. b4 axb4 7. cxb4 b6 8. Bb5+ Bd7 9. Bxd7+ Qxd7 10. a4 bxc5 11. b5 Qc7 12. Bb2 Nbd7 13. O-O Bd6 14. Nbd2 O-O 15. Qc2 Rfb8 16. Rfe1 h6 17. e4 Ng4 18. h3 Nge5 19. Nxe5 Nxe5 20. f4 Ng6 21. f5 Nh4 22. fxe6 fxe6 23. exd5 exd5 24. Qd3 Bh2+ 25. Kh1 Rd8 26. Nf1 Bd6 27. Qxd5+ Kh8 28. Qh5 Bg3 29. Qxh6+ Kg8 30. Qe6+ Kh8 31. Nxg3 Qxg3 32. Qh6+ Kg8 33. Qe6+ Kh8 34. Re2 Re8 35. Qc4 Rxe2 36. Qxe2 Rf8 37. Rg1 Rf2 38. Qe8+ Kh7 39. Qh5+ Kg8 40. Qd5+ Kh7 41. Be5 Qg5 42. Qe4+ Kg8 43. b6 Nxg2 44. Rxg2 Qc1+ 45. Kh2 Rxg2+ 46. Qxg2 1-0


[Site "https://www.chess.com"]

[Event "Titled Tuesday Blitz June 6 Late 2023"]
[White "WindWhistler11"]
[Black "Yanchenko, Roman"]
[BlackFideId "4137329"]
[WhiteElo "2533"]
[BlackElo "2491"]
[Result "1-0"]
[Round "2"]
[TimeControl "180+2"]
[Date "2023.06.07"]
[WhiteClock "0:00:20"]
[BlackClock "0:00:01"]
[Board "53"]

1. Nf3 d5 2. c4 c6 3. g3 Nf6 4. Bg2 Bf5 5. b3 e6 6. O-O Bd6 7. Bb2 Nbd7 8. d3 Qe7 9. a3 O-O 10. Nbd2 Rad8 11. Qc2 h6 12. Rfe1 e5 13. e4 dxe4 14. dxe4 Be6 15. b4 Bb8 16. c5 Rfe8 17. Nf1 Nh7 18. Ne3 Ng5 19. Nh4 g6 20. Kh1 Bh3 21. Rad1 Nf6 22. Bxh3 Nxh3 23. Nf3 Qe6 24. Kg2 Ng5 25. Nxg5 hxg5 26. Nc4 g4 27. Na5 Qe7 28. Bc1 Rd7 29. Bg5 Red8 30. Rxd7 Rxd7 31. Qe2 Kg7 32. Bxf6+ Qxf6 33. Qxg4 Qd8 34. Re3 Qe7 35. Rf3 Qe8 36. Nc4 Bc7 37. Ne3 Kf8 38. h4 Bd8 39. Qxg6 Rc7 40. Qh6+ Ke7 41. Nf5+ Kd7 42. Nd6 Qe6 43. Rxf7+ Be7 44. Qg7 b6 45. Nf5 Ke8 46. Qg8+ Kd7 47. Qh7 Kd8 48. Qg8+ Kd7 49. Ng7 Qg6 50. Qe8# 1-0


[Site "https://www.chess.com"]

[Event "Titled Tuesday Blitz June 6 Late 2023"]
[White "Simonian, Hrair"]
[Black "Eggink, Ryszard"]
[WhiteFideId "13302337"]
[BlackFideId "1125869"]
[WhiteElo "2447"]
[BlackElo "2283"]
[Result "1-0"]
[Round "2"]
[TimeControl "180+2"]
[Date "2023.06.07"]
[WhiteClock "0:01:04"]
[BlackClock "0:00:12"]
[Board "54"]

1. e4 c5 2. Nc3 Nc6 3. Bb5 Nd4 4. Bc4 g6 5. Nf3 Bg7 6. Nxd4 cxd4 7. Qf3 e6 8. Nb5 d6 9. Qa3 Ke7 10. c3 dxc3 11. dxc3 a6 12. Nd4 Nf6 13. e5 Ng4 14. Bg5+ f6 15. exf6+ Bxf6 16. Bxf6+ Nxf6 17. O-O-O Kf7 18. Rhe1 d5 19. Nf3 Re8 20. Bb5 Re7 21. c4 Qc7 22. Kb1 axb5 23. Qxa8 bxc4 24. Ne5+ Kg7 25. f3 b5 26. Qa3 Bb7 27. g4 Ne8 28. h4 Nd6 29. h5 Qb6 30. hxg6 hxg6 31. Qc3 b4 32. Qd2 c3 33. Qg5 Qf2 34. Qxe7+ Kg8 35. Qxe6+ Kg7 36. Qxg6+ Kf8 37. Qxd6+ Kg7 38. Qg6+ Kf8 39. Qf7# 1-0


[Site "https://www.chess.com"]

[Event "Titled Tuesday Blitz June 6 Late 2023"]
[White "Garmendiarov"]
[Black "Pulpan, Jakub"]
[BlackFideId "302759"]
[WhiteElo "2488"]
[BlackElo "2484"]
[Result "1-0"]
[Round "2"]
[TimeControl "180+2"]
[Date "2023.06.07"]
[WhiteClock "0:00:13"]
[BlackClock "0:00:10"]
[Board "55"]

1. d4 Nf6 2. Bf4 Nh5 3. Bd2 Nf6 4. Nc3 d5 5. Bf4 Nh5 6. Bd2 Nf6 7. Bf4 Bf5 8. e3 e6 9. Nf3 Bd6 10. Ne5 Bg6 11. Bd3 Nbd7 12. O-O Bxe5 13. dxe5 Nh5 14. Ne2 Nxf4 15. exf4 O-O 16. c4 Bxd3 17. Qxd3 c6 18. cxd5 cxd5 19. Rac1 Qb6 20. b3 Rfc8 21. Nd4 Nc5 22. Qb5 Ne4 23. Qxb6 axb6 24. a4 Rc5 25. f3 Nc3 26. Kf2 Rac8 27. Ke3 Nxa4 28. Rxc5 bxc5 29. Nb5 Nb6 30. Nd6 Ra8 31. Nxb7 c4 32. bxc4 Nxc4+ 33. Kd4 g6 34. Rb1 Ra2 35. Nd6 Rxg2 36. Rb8+ Kg7 37. Ne8+ Kh6 38. Nf6 g5 39. Rg8 Rg1 40. Kc3 Rg2 41. h4 gxh4 42. Rxg2 Ne3 43. Rg5 h3 44. Rh5+ Kg6 45. Rxh7 d4+ 46. Kxd4 Nf5+ 47. Kd3 Ne7 48. Rxh3 Nd5 49. Ke4 Nc3+ 50. Kd3 Nd5 51. Rg3+ Kf5 52. Rg1 Nxf4+ 53. Ke3 Kxe5 54. Ng4+ Kf5 55. Nh6+ Ke5 56. Nxf7+ Kf5 57. Nd6+ Ke5 58. Nc4+ Kf5 59. Nd6+ Ke5 60. Rg5+ Kxd6 61. Kxf4 Ke7 62. Re5 Kf6 63. Ke4 1-0


[Site "https://www.chess.com"]

[Event "Titled Tuesday Blitz June 6 Late 2023"]
[White "benny_aizenberg"]
[Black "Yeritsyan, Hayk"]
[BlackFideId "13307320"]
[WhiteElo "2723"]
[BlackElo "2477"]
[Result "1/2-1/2"]
[Round "2"]
[TimeControl "180+2"]
[Date "2023.06.07"]
[WhiteClock "0:00:09"]
[BlackClock "0:00:29"]
[Board "56"]

1. d4 d5 2. c4 e6 3. Nf3 Nf6 4. Bg5 c6 5. e3 Nbd7 6. Bd3 Qa5+ 7. Nbd2 Ne4 8. Bf4 Nxd2 9. Nxd2 dxc4 10. Bxc4 Bb4 11. a3 Bxd2+ 12. Qxd2 Qxd2+ 13. Kxd2 c5 14. dxc5 Nxc5 15. Rhd1 Bd7 16. Ke2 Ba4 17. Rd4 Nb3 18. Bxb3 Bxb3 19. Rc1 Bd5 20. Bd6 Bc6 21. f3 Rd8 22. Rcd1 f6 23. Bc7 Rxd4 24. Rxd4 Kf7 25. Bd6 Rd8 26. Bc5 Rxd4 27. Bxd4 a6 28. Kd3 e5 29. Bc5 Ke6 30. e4 g6 31. Ke3 f5 32. exf5+ gxf5 33. g4 f4+ 34. Kf2 Be8 35. Ba7 Bg6 36. Bb8 Be8 37. h4 h5 38. Ke2 Bg6 39. Kf2 Kd5 40. g5 Bf5 41. Bc7 Kd4 42. Bb8 Bg6 43. Bc7 Kd5 44. Bb8 Bf5 45. Bc7 Bg6 46. Bb8 1/2-1/2


[Site "https://www.chess.com"]

[Event "Titled Tuesday Blitz June 6 Late 2023"]
[White "Nasuta, Grzegorz"]
[Black "Rios Escobar, Adan"]
[WhiteFideId "1141686"]
[BlackFideId "3403645"]
[WhiteElo "2449"]
[BlackElo "2476"]
[Result "1-0"]
[Round "2"]
[TimeControl "180+2"]
[Date "2023.06.07"]
[WhiteClock "0:00:09"]
[BlackClock "0:00:02"]
[Board "57"]

1. e4 c5 2. Nf3 d6 3. Bb5+ Nd7 4. O-O Nf6 5. Re1 a6 6. Bf1 b5 7. c3 Bb7 8. d3 g6 9. Nbd2 Bg7 10. d4 O-O 11. b3 Qc7 12. Bb2 e5 13. d5 Nh5 14. c4 b4 15. g3 Bh6 16. Nh4 a5 17. a3 Nb6 18. a4 Bc8 19. Bc1 f6 20. Nf5 Bxd2 21. Bxd2 Bxf5 22. exf5 Ng7 23. Bd3 g5 24. h4 h6 25. Kg2 Kf7 26. Rh1 Rh8 27. Qe2 Rae8 28. Be4 Nc8 29. Rh2 Ne7 30. Qf3 Qc8 31. Rah1 g4 32. Qxg4 Nexf5 33. Qd1 Nd4 34. Bb1 f5 35. Re1 Rhg8 36. Bxh6 f4 37. Bxg7 Rxg7 38. Qh5+ Rg6 39. Bxg6+ Ke7 40. Bxe8 f3+ 41. Kg1 Ne2+ 42. Kf1 Nd4 43. Qf7+ Kd8 44. Bb5 Qg4 45. h5 Ne2 46. Qd7+ Qxd7 47. Bxd7 Kxd7 48. h6 1-0


[Site "https://www.chess.com"]

[Event "Titled Tuesday Blitz June 6 Late 2023"]
[White "i_like_explosions"]
[Black "Gritsenko, Nikolai"]
[BlackFideId "14112493"]
[WhiteElo "2473"]
[BlackElo "2389"]
[Result "1/2-1/2"]
[Round "2"]
[TimeControl "180+2"]
[Date "2023.06.07"]
[WhiteClock "0:00:15"]
[BlackClock "0:00:16"]
[Board "58"]

1. d4 d5 2. c4 Nc6 3. e3 e6 4. cxd5 exd5 5. Nc3 Nf6 6. Nf3 a6 7. Bd3 Bd6 8. h3 O-O 9. a3 Re8 10. O-O Ne7 11. b4 Ng6 12. Rb1 c6 13. a4 Ne4 14. Qc2 f5 15. Bd2 Nh4 16. Nxh4 Qxh4 17. Ne2 Re6 18. f3 Rg6 19. Be1 Qxh3 20. Nf4 Bxf4 21. exf4 Nd6 22. Qf2 Bd7 23. Bd2 Qh5 24. Rfe1 Rh6 25. Qg3 Rg6 26. Qf2 Rf6 27. Re5 Re8 28. Rbe1 Ref8 29. Re7 R6f7 30. Rxf7 Qxf7 31. Qe3 Re8 32. Qf2 Rxe1+ 33. Qxe1 Qe8 34. Qxe8+ Bxe8 35. a5 Bd7 36. Kf2 Kf7 37. g3 h6 38. Bc3 Kf6 39. Bd2 g5 40. fxg5+ hxg5 41. f4 g4 42. Ke3 Ne4 43. Be1 Ke6 44. Bxe4 dxe4 45. Bd2 Kd5 46. Bc3 Kc4 47. Bd2 Be6 48. Be1 Bd5 49. Bd2 Kb3 50. Be1 Kc2 51. Ke2 Bc4+ 52. Ke3 Kb3 53. Bd2 Kc2 54. Be1 Kb2 55. Bf2 Bd5 56. Be1 Kb3 57. Bd2 Ka4 58. Be1 Kb5 59. Bd2 b6 60. axb6 Kxb6 61. Be1 Kb5 62. Bd2 Kc4 63. Be1 Kb3 64. Bd2 Kc2 65. Be1 Bc4 66. Bd2 Bb5 67. Be1 Kb3 68. Bd2 Kc4 69. Be1 Ba4 70. Bd2 Bd1 71. Be1 Kb3 72. Bd2 Bc2 73. Be1 Bd3 74. Bd2 Kc2 75. Be1 Kd1 76. Bc3 Bb5 77. Bd2 Kc2 78. Be1 Kb3 79. Bd2 Kc4 80. Be1 Kd5 81. Bd2 Kc4 1/2-1/2


[Site "https://www.chess.com"]

[Event "Titled Tuesday Blitz June 6 Late 2023"]
[White "Principe, Alexander"]
[Black "Skvortsov, Andrei"]
[WhiteFideId "3804542"]
[BlackFideId "24108600"]
[WhiteElo "2203"]
[BlackElo "2259"]
[Result "0-1"]
[Round "2"]
[TimeControl "180+2"]
[Date "2023.06.07"]
[WhiteClock "0:00:47"]
[BlackClock "0:01:33"]
[Board "59"]

1. e4 d5 2. exd5 Qxd5 3. Nc3 Qe5+ 4. Be2 Bg4 5. d4 Bxe2 6. Ngxe2 Qa5 7. Bd2 Nf6 8. Ne4 Qb6 9. Nxf6+ gxf6 10. O-O Nc6 11. d5 Ne5 12. b3 Qd6 13. c4 Rg8 14. Bf4 Qd7 15. Ng3 Ng6 16. Be3 e6 17. Qh5 exd5 18. Rad1 O-O-O 19. Rxd5 Qe8 20. Rxd8+ Qxd8 21. Rd1 Qe8 22. Qxh7 Rh8 23. Bc5 Rxh7 24. Nh5 Bxc5 25. Rd2 Qe1# 0-1


[Site "https://www.chess.com"]

[Event "Titled Tuesday Blitz June 6 Late 2023"]
[White "Kokoszczynski, Jan"]
[Black "Di Benedetto, Edoardo"]
[WhiteFideId "1174460"]
[BlackFideId "875740"]
[WhiteElo "2139"]
[BlackElo "2296"]
[Result "1/2-1/2"]
[Round "2"]
[TimeControl "180+2"]
[Date "2023.06.07"]
[WhiteClock "0:00:22"]
[BlackClock "0:00:28"]
[Board "60"]

1. d4 d5 2. c4 e6 3. Nc3 Be7 4. Nf3 Nf6 5. Bf4 O-O 6. Rc1 b6 7. e3 Bb7 8. h3 c5 9. dxc5 Bxc5 10. a3 Nbd7 11. cxd5 Nxd5 12. Nxd5 Bxd5 13. Be2 Qe7 14. O-O a5 15. Bb5 Rfd8 16. Qe2 Nf6 17. Bg5 h6 18. Bh4 Qb7 19. Rfd1 Bxf3 20. gxf3 Rxd1+ 21. Rxd1 Nd5 22. Bg3 Be7 23. Kg2 Rd8 24. Rc1 Bc5 25. Rd1 Qe7 26. Bc4 Nf6 27. Rxd8+ Qxd8 28. Qd3 Qxd3 29. Bxd3 Kf8 30. Kf1 Ke7 31. Ke2 Bd6 32. f4 Nd7 33. Bc2 Nc5 34. Bh4+ f6 35. f3 g5 36. fxg5 hxg5 37. Be1 Be5 38. b4 Nb7 39. bxa5 bxa5 40. Be4 Nc5 41. Bxa5 Bd6 42. Bb4 Kd7 43. Bc2 Kc7 44. Be1 Nd7 45. a4 Bc5 46. h4 gxh4 47. Bxh4 Kd6 48. Bg3+ Ke7 49. Kd3 Bb6 50. e4 Nc5+ 51. Kc4 Nd7 52. Be1 Kd6 53. Kb5 Kc7 54. Bg3+ Kb7 55. a5 Bd4 56. Bb3 e5 57. Be1 Nc5 58. Bd5+ Ka7 59. Bb4 Na6 60. Bd6 Be3 61. Be7 Nc7+ 62. Kc6 Na6 63. Bxf6 Bd4 64. Be7 Nb8+ 65. Kb5 Na6 66. Bd6 Bc3 67. Bc5+ Nxc5 68. Kxc5 Bxa5 69. Kd6 Bc3 70. Bc4 Kb6 71. Kd5 Kc7 72. Bb5 Kd8 73. Ke6 Kc7 74. Kd5 Bb2 75. Ba4 Kd8 76. Kd6 Bc3 77. Bd7 Bd4 78. Be6 Ke8 79. Bd7+ Kf8 80. Kd5 Kg7 81. Bg4 Bc3 82. Ke6 Kg6 83. Bf5+ Kg5 84. Bg4 Kf4 85. Kd5 Bd4 86. Kc4 Ke3 87. Kd5 Bb2 88. Kc4 Kf2 89. Kd5 Kg3 90. Kc4 Kf4 91. Kb3 Bd4 92. Kc2 Kg3 93. Kd3 Kf2 94. Kc4 Kg3 95. Kd5 Kf4 96. Kc4 Kg3 97. Kd3 Kh4 98. Bd7 Kg5 99. Bg4 Kf4 100. Bh5 Kg3 101. Ke2 Bb2 102. Kd2 Ba1 103. Kd3 Bd4 104. Kc2 Kf2 105. Kd3 Be3 106. Kc4 Bf4 107. Kd5 Kg3 108. Bg4 Kh4 109. Ke6 Kg5 110. Kd5 Kh4 111. Ke6 Kg3 112. Kd5 Kf2 113. Kc6 Ke3 114. Kb6 Kd4 115. Kb7 Kc3 116. Ka8 Kc4 117. Ka7 Kb4 118. Ka6 Kc5 1/2-1/2


[Site "https://www.chess.com"]

[Event "Titled Tuesday Blitz June 6 Late 2023"]
[White "Wagner, Dennis"]
[Black "Shapiro, Viktor"]
[WhiteFideId "24650684"]
[BlackFideId "4175700"]
[WhiteElo "2478"]
[BlackElo "2212"]
[Result "1-0"]
[Round "2"]
[TimeControl "180+2"]
[Date "2023.06.07"]
[WhiteClock "0:00:59"]
[BlackClock "0:01:53"]
[Board "61"]

1. d4 Nf6 2. Nf3 e6 3. c4 c5 4. e3 b6 5. Nc3 Bb7 6. d5 exd5 7. cxd5 d6 8. Be2 a6 9. a4 g6 10. O-O Bg7 11. e4 O-O 12. Bf4 Nh5 13. Bg5 Bf6 14. Bh6 Re8 15. Nd2 Bg5 16. Bxg5 Qxg5 17. Bxh5 gxh5 18. Nc4 Qg6 19. Nxb6 Ra7 20. f4 f5 21. Qc2 fxe4 22. f5 Qg4 23. f6 Re5 24. f7+ Kf8 25. Rae1 Bc8 26. h3 1-0


[Site "https://www.chess.com"]

[Event "Titled Tuesday Blitz June 6 Late 2023"]
[White "Arnaudov, G. Petar"]
[Black "Rego, Pedro Filipe"]
[WhiteFideId "2907127"]
[BlackFideId "1904310"]
[WhiteElo "2430"]
[BlackElo "2193"]
[Result "1/2-1/2"]
[Round "2"]
[TimeControl "180+2"]
[Date "2023.06.07"]
[WhiteClock "0:00:10"]
[BlackClock "0:00:06"]
[Board "62"]

1. Nf3 d5 2. g3 Nf6 3. Bg2 e6 4. O-O Be7 5. c4 O-O 6. d4 dxc4 7. Qc2 b5 8. a4 b4 9. Nfd2 c6 10. Nxc4 Qxd4 11. Rd1 Qc5 12. Be3 Qh5 13. Nbd2 Ng4 14. Nf3 Nxe3 15. Nxe3 a5 16. Nd4 Ba6 17. Bf3 Qg6 18. Nxc6 Nxc6 19. Qxc6 Bf6 20. Rd2 Rfc8 21. Qb6 Rcb8 22. Qc7 Rc8 23. Qf4 Rab8 24. h4 e5 25. Qg4 Qxg4 26. Nxg4 Rd8 27. Nxf6+ gxf6 28. Rad1 Rxd2 29. Rxd2 Rc8 30. Rd6 Bc4 31. Rxf6 Be6 32. Be4 Kg7 33. Rf3 b3 34. Bd3 Rc1+ 35. Kh2 Bd5 36. e4 Bc6 37. Re3 Bxa4 38. Ba6 Rc2 39. Re2 Bc6 40. f3 a4 41. Bd3 Rxe2+ 42. Bxe2 f5 43. Bd3 fxe4 44. fxe4 Bd7 45. Kg2 Bg4 46. Kf2 Bd1 47. Ke1 Bf3 48. Kd2 Kg6 49. Kc3 Kh5 50. Kb4 Kg4 51. Kxa4 Bd1 52. Kb4 Kxg3 53. Kc5 Kf4 54. Kd5 Bc2 55. Kc4 h5 56. Kc3 Bd1 57. Kd2 Bf3 58. Kc3 Bxe4 59. Bc4 Bc2 60. Bf7 Bd1 61. Kd2 Bg4 62. Bxb3 Kg3 63. Bf7 Kf4 64. b4 e4 65. b5 e3+ 66. Ke1 Bf3 67. Be8 Kg3 68. Bc6 Bg4 69. b6 Bc8 70. b7 Bxb7 71. Bxb7 Kxh4 72. Bf3 Kg3 73. Bxh5 Kf4 74. Ke2 Ke4 75. Bg6+ Kd4 76. Bh7 Ke5 77. Kxe3 1/2-1/2


[Site "https://www.chess.com"]

[Event "Titled Tuesday Blitz June 6 Late 2023"]
[White "Kaplan, Avi Harrison"]
[Black "Tanenbaum, Zachary"]
[WhiteFideId "30934559"]
[BlackFideId "2060850"]
[WhiteElo "1983"]
[BlackElo "2207"]
[Result "0-1"]
[Round "2"]
[TimeControl "180+2"]
[Date "2023.06.07"]
[WhiteClock "0:00:26"]
[BlackClock "0:00:42"]
[Board "63"]

1. b3 e5 2. Bb2 Nc6 3. e3 a6 4. a3 d5 5. d3 Bd6 6. f4 Nf6 7. g3 O-O 8. Bg2 Ng4 9. fxe5 Nxe3 10. Qe2 Nxg2+ 11. Qxg2 Bxe5 12. Bxe5 Nxe5 13. Ne2 Qf6 14. Nbc3 Bg4 15. Rf1 Nf3+ 16. Kd1 Rfe8 17. h3 Rxe2 18. hxg4 Rxg2 19. Kc1 Qxc3 20. Ra2 Nd4 21. Kb1 Rxc2 22. Rf4 Rc1# 0-1


[Site "https://www.chess.com"]

[Event "Titled Tuesday Blitz June 6 Late 2023"]
[White "Rosen, Eric"]
[Black "QuiesPrecatio"]
[WhiteFideId "2032562"]
[WhiteElo "2331"]
[BlackElo "2439"]
[Result "0-1"]
[Round "2"]
[TimeControl "180+2"]
[Date "2023.06.07"]
[WhiteClock "0:00:02"]
[BlackClock "0:01:07"]
[Board "64"]

1. d4 Nf6 2. Bf4 g6 3. Nc3 d5 4. e3 Bg7 5. h4 c6 6. Nf3 Bg4 7. Qd2 Nbd7 8. Ne5 Nxe5 9. Bxe5 Ne4 10. Nxe4 Bxe5 11. dxe5 dxe4 12. Qb4 Qd5 13. Qc3 O-O-O 14. Be2 Bxe2 15. Kxe2 Qb5+ 16. Ke1 Rd5 17. e6 f6 18. a4 Qb6 19. Rd1 Rhd8 20. Rxd5 Rxd5 21. b3 Qc7 22. Ke2 Qd6 23. g3 Qxe6 24. Qe1 Qg4+ 25. Kf1 Rd1 26. Kg2 Qf3+ 27. Kh2 Rxe1 28. Rxe1 Qxf2+ 29. Kh3 Qxe1 30. a5 h5 31. a6 Qh1# 0-1


[Site "https://www.chess.com"]

[Event "Titled Tuesday Blitz June 6 Late 2023"]
[White "Ozer, Omer Faruk"]
[Black "Ansh M Shah"]
[WhiteFideId "6354564"]
[BlackFideId "25033379"]
[WhiteElo "2260"]
[BlackElo "2084"]
[Result "1-0"]
[Round "2"]
[TimeControl "180+2"]
[Date "2023.06.07"]
[WhiteClock "0:01:01"]
[BlackClock "0:00:01"]
[Board "65"]

1. d4 c6 2. c4 d5 3. Nc3 Nf6 4. Nf3 e6 5. e3 Nbd7 6. Qc2 Be7 7. g4 Nxg4 8. Rg1 Nh6 9. e4 dxe4 10. Bxh6 exf3 11. Bxg7 Rg8 12. O-O-O Bg5+ 13. Kb1 Rxg7 14. Ne4 Bh6 15. Rxg7 Bxg7 16. d5 exd5 17. cxd5 Qb6 18. Bh3 Kf8 19. Nd6 Qc7 20. dxc6 bxc6 21. Nxc8 Rxc8 22. Rxd7 Qe5 23. Qb3 Re8 24. Qxf7# 1-0


[Site "https://www.chess.com"]

[Event "Titled Tuesday Blitz June 6 Late 2023"]
[White "Dzierzak, Radoslaw"]
[Black "Alex_Sahakyan2006"]
[WhiteFideId "1161407"]
[WhiteElo "2166"]
[BlackElo "2691"]
[Result "0-1"]
[Round "2"]
[TimeControl "180+2"]
[Date "2023.06.07"]
[WhiteClock "0:00:02"]
[BlackClock "0:00:55"]
[Board "66"]

1. e4 c5 2. Nf3 d6 3. d4 cxd4 4. Nxd4 Nf6 5. Nc3 g6 6. g3 Bg7 7. Bg2 O-O 8. O-O Nc6 9. Nde2 Rb8 10. a4 a6 11. h3 b5 12. axb5 axb5 13. Nd5 b4 14. Bg5 Nxd5 15. exd5 Ne5 16. b3 Bxh3 17. Nd4 Bxg2 18. Kxg2 Ra8 19. Qd2 Qd7 20. Rfe1 Rxa1 21. Rxa1 h6 22. Bxh6 Qg4 23. Bxg7 Kxg7 24. Qe3 Rh8 25. Rh1 Rxh1 26. Kxh1 Qh3+ 27. Kg1 Ng4 28. Qf3 Qh2+ 29. Kf1 Ne5 30. Qg2 Qh6 31. f4 Ng4 32. Ke2 Qh5 33. Kd2 Nf6 34. f5 gxf5 35. Kc1 Ne4 36. Kb2 Qg5 37. g4 Kf8 38. Nxf5 Qf6+ 39. Kb1 Nc3+ 40. Kc1 Qg5+ 41. Kb2 Nd1+ 42. Kb1 Qf6 43. Kc1 Qa1+ 44. Kd2 Nc3 45. Ne3 Nb1+ 46. Ke2 Qd4 0-1


[Site "https://www.chess.com"]